 Dungeon Crawl Stone Soup version 0.27-a0-1202-ge72e49191c (webtiles) character file.

Game seed: 3634899956847936007

115 27snakeeyes612 the Poker (level 5, 0/50 HPs)
             Began as a Naga Berserker on June 2, 2021.
             Was a Believer of Trog.
             Slain by a gnoll
             ... wielding a +0 spear
              (4 damage)
             ... on level 3 of the Dungeon.
             The game lasted 00:01:47 (2836 turns).

27snakeeyes612 the Poker (Naga Berserker)           Turns: 2836, Time: 00:01:48

Health: 0/50       AC:  2    Str: 20    XL:     5   Next: 0%
Magic:  5/5        EV: 10    Int:  8    God:    Trog [**....]
Gold:   179        SH:  0    Dex: 10    Spells: 4/4 levels left

rFire    . . .     SeeInvis +   a - +0 spear
rCold    . . .     Faith    .   (no shield)
rNeg     . . .     Spirit   .   b - +0 animal skin
rPois    +         Reflect  .   (no helmet)
rElec    .         Harm     .   (no cloak)
rCorr    .         Rampage  .   (no gloves)
Will     +....                  (no barding)
Stlth    ++........             (no amulet)
HPRegen  0.16/turn              m - ring of willpower
MPRegen  0.09/turn              (no ring)

@: on berserk cooldown, slowed, very slow
A: AC +1, large, see invisible, deformed body, poison resistance, slowness 2,
spit poison 1, naga tail 1
a: Spit Poison, Renounce Religion, Berserk, Trog's Hand


You were on level 3 of the Dungeon.
You worshipped Trog.
Trog was pleased with you.
You visited 1 branch of the dungeon, and saw 3 of its levels.

You collected 179 gold pieces.

Inventory:

Hand Weapons
 a - a +0 spear (weapon)
Armour
 b - a +0 animal skin (worn)
Jewellery
 g - a ring of magical power
 m - a ring of willpower (left hand)
Scrolls
 c - 3 scrolls of teleportation {unknown}
 d - a scroll of identify {unknown}
 h - a scroll of holy word {unknown}
 j - a scroll of silence {unknown}
 k - a scroll of vulnerability {unknown}
Potions
 e - a potion of brilliance {unknown}
 f - 2 potions of might {unknown}
 i - 2 potions of curing {unknown}
 l - a potion of haste {unknown}


   Skills:
 + Level 3.7 Fighting
 + Level 4.4 Polearms
 + Level 1.8 Armour
 + Level 2.0 Dodging
 + Level 1.5 Stealth


You had 4 spell levels left.
You didn't know any spells.
Your spell library was empty.

Dungeon Overview and Level Annotations

Branches:
Dungeon (3/15)

Altars:

Shops:
D:2 (


Innate Abilities, Weirdness & Mutations

Your serpentine skin is tough. (AC +1)
You have supernaturally acute eyesight. (SInv)
Armour fits poorly on your strangely shaped body.
Your system is resistant to poisons. (rPois)
You cover ground very slowly.
You can spit poison.
You have a snake-like lower body.


Message History

You kill the kobold!
Trog accepts your kill.
Found 29 arrows.
Things that are here:
a +0 club; 4 stones; a kobold corpse You feel a strong urge to attack something.
A ball python is nearby!
A ball python is nearby!
A ball python is nearby!
A kobold comes into view. It is wielding a +0 short sword.
The kobold shouts!
You feel your anger nearly subside.
You are no longer berserk.
You are exhausted.
You feel yourself slow down. The ball python bites you.
You hit the ball python.
The ball python is moderately wounded.
The ball python completely misses you.
A gnoll comes into view. It is wielding a +0 spear.
You puncture the ball python!
You kill the ball python!
Trog accepts your kill.
The kobold hits you with a +0 short sword.
* * * LOW HITPOINT WARNING * * *
The kobold closely misses you.
You have reached level 5!
Unknown command.
The kobold completely misses you. The kobold closely misses you.
The kobold barely misses you.
The gnoll hits you from afar with a +0 spear.
* * * LOW HITPOINT WARNING * * *
The kobold hits you with a +0 short sword.
* * * LOW HITPOINT WARNING * * *
The gnoll hits you from afar with a +0 spear.
* * * LOW HITPOINT WARNING * * *
Things that are here:
a +0 flail; a scroll labelled TUNOAN KOZEO The kobold closely misses you.
The gnoll hits you from afar with a +0 spear.
You die...

.# #.# #.# #.#
#........... ##
#.#######.# #.#
###...........
####....)....# #..
.............#
.†...........# ###
###.##.))....#
####.######.##
##..##..)....# #.# #.#
##..###.......# #.# ##.##
##.#.######.####
#.#####...#####.##..##
#.#
#...(........@:....#.#
#.#
#.##......##K##.#...##
#.# #.#
#..>..)g.##...######.#
##............##.....#
#..#........###.###.#####
#......##......# #.#
....#..†.(.....## #.# ###
#..g##..##.# #.#
.....##..##.# #.#


You could see a gnoll and a kobold.

Vanquished Creatures
  An iguana (D:2)
  2 adders
  A gnoll (D:3)
  3 dart slugs
  An orc (D:3)
  5 bats
  3 endoplasms
  3 giant cockroaches
  9 goblins
  5 hobgoblins
  3 jackals (D:3)
  5 quokkas
  4 ball pythons
  2 frilled lizards (D:1)
  3 kobolds
  2 rats
52 creatures vanquished.

Notes
Turn   | Place    | Note
-------+----------+-------------------------------------------
     0 | D:1      | 27snakeeyes612 the Naga Berserker began the quest for the
                  | Orb.
     0 | D:1      | Reached XP level 1. HP: 21/21 MP: 1/1
   189 | D:1      | Reached XP level 2. HP: 25/28 MP: 2/2
   729 | D:1      | Reached XP level 3. HP: 20/34 MP: 3/3
  1579 | D:2      | Found Taemit's Antique Weapon Boutique.
  1594 | D:2      | Found a faded altar of an unknown god.
  1816 | D:2      | Reached skill level 4 in Polearms
  1816 | D:2      | Reached skill level 1 in Stealth
  1816 | D:2      | Reached XP level 4. HP: 34/42 MP: 4/4
  2156 | D:2      | Reached ** piety under Trog
  2832 | D:3      | Reached XP level 5. HP: 15/50 MP: 5/5
  2836 | D:3      | Slain by a gnoll

Illustrated notes

Levels and vault maps discovered:
D:1:      dpeg_arrival_three_bigger_balls, layout_basic
D:2:      minmay_skewed_foursquare, layout_basic,
          ebering_ecumenical_altar_petrified, serial_shops, shop
D:3:      layout_loops_ring

Skill      XL: |  1  2  3  4 |
---------------+-------------+-----
Polearms       | 4 |  4.4
Stealth        | 1 |  1.5
Dodging        | 2 |  2.0
Fighting       | |  3.7
Armour         | |  1.8

Action                   |  1- 3 |  4- 6 || total
-------------------------+-------+-------++-------
Melee: Spear             |   125 |    40 ||   165
Invok: Berserk           |       |     1 ||     1
 Abil: Spit Poison       |     2 |    11 ||    13
 Stab: Sleeping          |     1 |     1 ||     2
Armor: Animal skin       |     9 |     3 ||    12
Dodge: Dodged            |    33 |    23 ||    56

Table legend: (Time is in decaauts)
 A = Elapsed time spent in this place.
 B = Non-inter-level travel time spent in this place.
 C = Inter-level travel time spent in this place.
 D = Time resting spent in this place.
 E = Time spent auto-exploring this place.
 F = Levels seen in this place.
 G = Mean time per level.
                   A        B        C        D        E       F      G
               +--------+--------+--------+--------+--------+-----+--------+
         Total |   3444 |   3410 |     34 |    184 |   2866 |   3 | 1148.0 |
       Dungeon |   3444 |   3410 |     34 |    184 |   2866 |   3 | 1148.0 |
               +--------+--------+--------+--------+--------+-----+--------+

Top non-repeatable levels by time:
     D:2: 1390 daAuts
     D:1: 1265 daAuts
     D:3: 788 daAuts
